 Dungeon Crawl Stone Soup version 0.23-a0-449-g8e4cbf7 (webtiles) character file.

257 Amnesiac the Digger (level 5, 26/35 HPs)
             Began as a Demonspawn Earth Elementalist on Nov 22, 2018.
             Quit the game on level 4 of the Dungeon.
             The game lasted 00:04:19 (1424 turns).

Amnesiac the Digger (Demonspawn Earth Elementalist) Turns: 1424, Time: 00:04:19

Health: 26/35      AC:  4    Str:  8    XL:     5   Next: 93%
Magic:  3/10       EV: 11    Int: 18    God:
Gold:   19         SH:  0    Dex: 13    Spells: 8/11 levels left

rFire    . . .     SeeInvis .   k - +0 dagger
rCold    . . .     Gourm    .   (no shield)
rNeg     . . .     Faith    .   f - +0 leather armour
rPois    .         Spirit   .   m - +0 helmet
rElec    .         Reflect  .   (no cloak)
rCorr    .         Harm     .   (no gloves)
MR       .....                  (no boots)
Stlth    ++........             (no amulet)
HPRegen  0.11/turn              (no ring)
MPRegen  0.12/turn              (no ring)

@: no status effects
A: talons 1, rot immunity
a: no special abilities


You were on level 4 of the Dungeon.
You were not hungry.

You visited 1 branch of the dungeon, and saw 5 of its levels.

You collected 19 gold pieces.

Inventory:

Hand Weapons
 k - a +0 dagger (weapon)
 l - a +0 hunting sling
Missiles
 b - 31 stones (quivered)
Armour
 c - a +0 robe
 f - a +0 leather armour (worn)
 m - a +0 helmet (worn)
Scrolls
 a - 2 scrolls of remove curse {!r}
 e - a scroll of amnesia {!r, unknown}
 h - 2 scrolls of teleportation {!r, unknown}
 j - a scroll of random uselessness {!r, unknown}
Potions
 g - a potion of mutation {!q, unknown}
 i - a potion of resistance {!q, unknown}
 n - 2 potions of invisibility {!q, unknown}
 p - a potion of heal wounds {!q, unknown}
Comestibles
 d - a ration
 o - a chunk of flesh


   Skills:
 - Level 1.7 Dodging
 - Level 1.7 Stealth
 + Level 3.6 Spellcasting
 - Level 0.8 Transmutations
 * Level 5.2 Earth Magic


You had 8 spell levels left.
You knew the following spells:

 Your Spells              Type           Power        Failure   Level  Hunger
a - Sandblast             Erth           ###...       2%          1    None
b - Passwall              Tmut/Erth      ##......     10%         2    ##.....

Your spell library contained the following spells:

 Spells                   Type           Power        Failure   Level  Hunger
 Stone Arrow              Conj/Erth      ##....       22%         3    ###....
 Petrify                  Tmut/Erth      ##......     54%         4    ####...
 Lee's Rapid Deconstruct  Erth           ###.......   58%         5    ######.


Dungeon Overview and Level Annotations

Branches:
Dungeon (5/15)
 Temple: D:4-7

Altars:

Annotations:
D:3 Grinder
D:4 Pikel


Innate Abilities, Weirdness & Mutations

You have sharp toenails.
You are immune to rotting.


Message History

You see here a short sword.
There is a stone staircase leading up here.
There is a stone staircase leading down here.
HP restored.
You climb downwards.
Level annotation: Pikel
There is a stone staircase leading up here.
A slave comes into view.
The slave moves out of view.
Menkaure, Prince of Dust comes into view.
Casting: Sandblast (safe; 3% risk of failure)
Confirm with . or Enter, or press ? or * to list all spells.
Aiming: Sandblast (safe; 3% risk of failure)
Press: ? - help, Shift-Dir - straight line, f - Menkaure
Aim: Menkaure (hasn't noticed you)
The blast of sand hits Menkaure.
Menkaure is lightly damaged.
Menkaure shouts!
b - 35 stones You hear a shout!
Menkaure gestures at you while chanting.
Pain shoots through your body!
Unknown command.
Casting: Sandblast (safe; 3% risk of failure)
Confirm with . or Enter, or press ? or * to list all spells.
Aiming: Sandblast (safe; 3% risk of failure)
Press: ? - help, Shift-Dir - straight line, f/p - Menkaure
Aim: Menkaure (lightly damaged)
The blast of sand hits Menkaure.
Menkaure is moderately damaged.
b - 34 stones Unknown command.
Casting: Sandblast (safe; 3% risk of failure)
Confirm with . or Enter, or press ? or * to list all spells.
Aiming: Sandblast (safe; 3% risk of failure)
Press: ? - help, Shift-Dir - straight line, f/p - Menkaure
Aim: Menkaure (moderately damaged)
The blast of sand misses Menkaure.
b - 33 stones Unknown command.
Casting: Sandblast (safe; 3% risk of failure)
Confirm with . or Enter, or press ? or * to list all spells.
Aiming: Sandblast (safe; 3% risk of failure)
Press: ? - help, Shift-Dir - straight line, f/p - Menkaure
Aim: Menkaure (moderately damaged)
The blast of sand hits Menkaure.
Menkaure is severely damaged.
b - 32 stones Menkaure mumbles some strange words.
Menkaure seems to speed up.
Unknown command.
Casting: Sandblast (safe; 3% risk of failure)
Confirm with . or Enter, or press ? or * to list all spells.
Aiming: Sandblast (safe; 3% risk of failure)
Press: ? - help, Shift-Dir - straight line, f/p - Menkaure
Aim: Menkaure (severely damaged, fast)
The blast of sand hits Menkaure.
You destroy Menkaure!
Your Earth Magic skill increases to level 5!
You have reached level 5!
Your demonic ancestry asserts itself...
Your toenails lengthen and sharpen.
b - 31 stones Are you sure you want to abandon this character and quit the game? (Confirm

########### #...<.....#
#.........# #.........#
###########.........############
....[....##....................#
....................#########..#
.........>..........## #...##
##########......@....## #.###
######.###...#####.### #.#
##..........# #.# ##..####.#....
#.# ##.# #..##### .##### #.# #.#
#.##
......####.######.###.######
............................
............#####.#.#####...


There were no monsters in sight!

Vanquished Creatures
  Menkaure (D:4)
  A centaur skeleton (D:4)
  A worker ant (D:4)
  Robin (D:2)
  4 adders (D:2)
  An adder skeleton (D:4)
  A worm (D:2)
  A dart slug (D:3)
  2 leopard geckos (D:4)
  A bat (D:1)
  A giant cockroach (D:2)
  7 goblins (D:2)
  2 hobgoblins
  A quokka (D:2)
  2 ball pythons
  A frilled lizard (D:4)
  A rat (D:2)
29 creatures vanquished.

Notes
Turn   | Place    | Note
-------+----------+-------------------------------------------
     0 | D:1      | Amnesiac the Demonspawn Earth Elementalist began the quest
                  | for the Orb.
     0 | D:1      | Reached XP level 1. HP: 13/13 MP: 3/3
   123 | D:1      | You fall through a shaft!
   146 | D:2      | Reached skill level 3 in Earth Magic
   146 | D:2      | Gained mutation: You are immune to rotting. [demonic
                  | ancestry]
   146 | D:2      | Reached XP level 2. HP: 19/19 MP: 1/5
   296 | D:2      | Reached XP level 3. HP: 21/24 MP: 1/6
   300 | D:2      | Learned a level 2 spell: Passwall
   646 | D:3      | Noticed Grinder
   711 | D:2      | Noticed Robin
   723 | D:2      | Killed Robin
   799 | D:2      | Reached skill level 4 in Earth Magic
   799 | D:2      | Reached XP level 4. HP: 10/30 MP: 0/8
  1148 | D:5      | Entered Level 5 of the Dungeon
  1302 | D:4      | Noticed Pikel
  1325 | D:4      | Noticed a slave
  1413 | D:4      | Noticed a slave
  1414 | D:4      | Noticed Menkaure
  1423 | D:4      | Killed Menkaure
  1423 | D:4      | Reached skill level 5 in Earth Magic
  1423 | D:4      | Gained mutation: You have sharp toenails. [demonic
                  | ancestry]
  1423 | D:4      | Reached XP level 5. HP: 26/35 MP: 3/10
  1424 | D:4      | Quit the game

Vault maps used:
D:1:      shiori_shiawase, minmay_tetromino_t4
D:2:      uniq_robin
D:3:      nicolae_overflow_hidden_temple, gammafunk_temple_overflow_statue,
          corexii_corridor_pit, minmay_misc_feat_iff, uniq_grinder, uniq_sigmund
D:4:      uniq_pikel, uniq_menkaure, uniq_crazy_yiuf_cottage
D:5:      serial_shops, shop, first_ration

Skill      XL: |  1  2  3  4 |
---------------+-------------+-----
Earth Magic    | 3 4 5 |  5.2
Spellcasting   | 3 |  3.6
Dodging        | |  1.7
Stealth        | |  1.7
Transmutations | |  0.8

Action                   |  1- 3 |  4- 6 || total
-------------------------+-------+-------++-------
Melee: Unarmed           |    33 |       ||    33
       Dagger            |     8 |    53 ||    61
 Cast: Sandblast         |    32 |    13 ||    45
  Use: Scroll            |       |     1 ||     1
 Stab: Sleeping          |       |     2 ||     2
  Eat: Chunk             |       |     2 ||     2
Armor: Robe              |    16 |       ||    16
       Leather armour    |       |    14 ||    14
Dodge: Dodged            |    37 |    24 ||    61

Table legend:
 A = Non-vault XP
 B = Vault XP
 C = Vault XP percentage of total XP
 D = Non-vault monster count
 E = Vault monster count
 F = Vault count percentage of total count
                 A         B        C        D         E       F
            +---------+---------+-------+---------+---------+-------
      Total |     166 |     202 |  54.9 |      21 |       8 |  27.6
            +---------+---------+-------+---------+---------+-------
        D:1 |       2 |       0 |   0.0 |       1 |       0 |   0.0
        D:2 |      68 |      27 |  28.4 |      11 |       7 |  38.9
        D:3 |       6 |       0 |   0.0 |       2 |       0 |   0.0
        D:4 |      90 |     175 |  66.0 |       7 |       1 |  12.5
            +---------+---------+-------+---------+---------+-------
